 Dungeon Crawl Stone Soup version 0.25-a0-67-g7dccc1bee0 (webtiles) character file.

Game seed: 12764782249332007062, levelgen mode: deterministic

573 wvc the Ruffian (level 7, 0/50 HPs)
             Began as a Demonspawn Gladiator on Nov 1, 2019.
             Succumbed to Edmund's poison
             ... on level 5 of the Dungeon.
             The game lasted 00:10:57 (3917 turns).

wvc the Ruffian (Demonspawn Gladiator)              Turns: 3917, Time: 00:10:57

Health: 0/50       AC: 13    Str: 15    XL:     7   Next: 12%
Magic:  7/7        EV:  7    Int: 11    God:
Gold:   196        SH:  0    Dex: 14    Spells: 6/6 levels left

rFire    . . .     SeeInvis .     - Unarmed
rCold    . . .     Gourm    .   (no shield)
rNeg     + . .     Faith    .   h - +3 chain mail
rPois    .         Spirit   .   c - +1 helmet
rElec    .         Reflect  .   (no cloak)
rCorr    .         Harm     .   (no gloves)
MR       +....                  (no boots)
Stlth    ..........             (no amulet)
HPRegen  0.16/turn              s - ring of positive energy
MPRegen  0.10/turn              p - ring of protection from magic

@: lethally poisoned (0 -> -4), hasted (expiring), lightly drained, very quick
A: claws 1, nightstalker 1
a: no special abilities


You were on level 5 of the Dungeon.
You were not hungry.

You visited 1 branch of the dungeon, and saw 5 of its levels.

You collected 232 gold pieces.
You spent 36 gold pieces at shops.

Inventory:

Hand Weapons
 a - a +0 quarterstaff
 o - a +1 dagger of venom
Missiles
 g - 88 stones (quivered)
 m - 18 poisoned darts
 r - 3 boomerangs
Armour
 c - a +1 helmet (worn)
 h - a +3 chain mail (worn)
Jewellery
 e - an uncursed ring of wizardry
 p - a ring of protection from magic (right claw)
 s - a ring of positive energy (left claw)
 t - an uncursed ring of magical power
Wands
 u - a wand of iceblast (3)
Scrolls
 b - 6 scrolls of teleportation
 j - a scroll of enchant armour
 k - 2 scrolls of amnesia
 l - 5 scrolls of remove curse
 n - a scroll of identify
Comestibles
 f - 6 rations


   Skills:
 - Level 2.0(1.8) Fighting
 - Level 3.2(3.0) Staves
 - Level 1.7(1.5) Throwing
 - Level 2.6(2.4) Dodging
 + Level 6.6(6.4) Unarmed Combat


You had 6 spell levels left.
You didn't know any spells.
Your spell library contained the following spells:

 Spells                   Type           Power        Failure   Level  Hunger
 Confusing Touch          Hex            #.....       100%        1    ##.....
 Confuse                  Hex            #.......     100%        3    ####...
 Gell's Gravitas          Tloc           #.........   100%        3    ####...
 Petrify                  Tmut/Erth      #.......     100%        4    #####..
 Metabolic Englaciation   Hex/Ice        #.........   100%        5    ######.
 Yara's Violent Unravell  Hex/Tmut       #.........   100%        5    ######.


Dungeon Overview and Level Annotations

Branches:
Dungeon (5/15)
 Temple: D:4-7

Altars:
Dithmenos
Elyvilon
Hepliaklqana
Trog

Shops:
D:4 ?


Innate Abilities, Weirdness & Mutations

You have sharp fingernails.
You are slightly more attuned to the shadows.


Message History

You swing at nothing.
You swing at nothing.
* * * LOW HITPOINT WARNING * * *
You feel sick.
You swing at nothing.
You aren't carrying any potions.
Things that are here:
a +0 flail of venom; a +0 ring mail; the human corpse of Edmund
* * * LOW HITPOINT WARNING * * *
You feel sick.
Things that are here:
a +0 robe; a +0 dagger
* * * LOW HITPOINT WARNING * * *
You feel sick.
You swing at nothing.
You swing at nothing.
You swing at nothing.
You swing at nothing.
Your extra speed is starting to run out.
You die...

#########
#...[@[)#
#.#####.# #.#
#)# ######## #.#
#.# #..>@... #.#
#.# #.#.#### #.#
#.# #####.#.# #
#<# #.#
#.....#.# # ###
#(# #.#####@####
#.#.#....).....+


There were no monsters in sight!

Vanquished Creatures
  Edmund (D:5)
  A howler monkey (D:3)
  2 hounds (D:4)
  4 orc wizards
  An iguana (D:5)
  2 worker ants
  7 adders
  2 oozes
  4 worms (D:2)
  A dart slug (D:3)
  A leopard gecko (D:2)
  10 orcs
  3 giant cockroaches
  4 goblins
  5 hobgoblins
  7 jackals
  A quokka (D:2)
  7 bats
  4 frilled lizards
  9 kobolds
  6 rats
82 creatures vanquished.

Vanquished Creatures (others)
  A wizard (D:4)
1 creature vanquished.

Grand Total: 83 creatures vanquished

Notes
Turn   | Place    | Note
-------+----------+-------------------------------------------
     0 | D:1      | wvc the Demonspawn Gladiator began the quest for the Orb.
     0 | D:1      | Reached XP level 1. HP: 16/16 MP: 1/1
    85 | D:1      | Gained mutation: You have sharp fingernails. [demonic
                  | ancestry]
    85 | D:1      | Reached XP level 2. HP: 21/22 MP: 2/2
   214 | D:1      | Reached skill level 1 in Unarmed Combat
   740 | D:2      | Gained mutation: You are slightly more attuned to the
                  | shadows. [demonic ancestry]
   740 | D:2      | Reached XP level 3. HP: 27/27 MP: 3/3
   749 | D:2      | Reached skill level 2 in Unarmed Combat
  1333 | D:2      | Reached XP level 4. HP: 33/33 MP: 4/4
  1475 | D:2      | Reached skill level 3 in Unarmed Combat
  1797 | D:2      | Found a hazy altar of Hepliaklqana.
  2830 | D:3      | Reached skill level 4 in Unarmed Combat
  2830 | D:3      | Reached XP level 5. HP: 34/38 MP: 5/5
  2897 | D:4      | Found Behoqipe's Magic Scroll Shop.
  2904 | D:4      | Bought a scroll of teleportation for 36 gold pieces
  2955 | D:4      | Reached skill level 5 in Unarmed Combat
  3066 | D:4      | Reached XP level 6. HP: 40/44 MP: 6/6
  3153 | D:4      | Found a shadowy altar of Dithmenos.
  3432 | D:4      | Found a white marble altar of Elyvilon.
  3479 | D:4      | Found a bloodstained altar of Trog.
  3481 | D:4      | Noticed a wizard
  3487 | D:4      | Killed a wizard
  3642 | D:5      | Entered Level 5 of the Dungeon
  3717 | D:5      | Reached skill level 6 in Unarmed Combat
  3811 | D:5      | Noticed Edmund
  3883 | D:5      | HP: 2/44 [poisoned by Edmund]
  3890 | D:5      | Killed Edmund
  3890 | D:5      | Reached XP level 7. HP: 12/50 MP: 7/7
  3908 | D:5      | HP: 2/50 [poisoned by Edmund]
  3913 | D:5      | HP: 1/50 [poisoned by Edmund]
  3917 | D:5      | Succumbed to Edmund's poison

Levels and vault maps discovered:
D:1:      minmay_arrival_glassed_features, layout_basic, minmay_tromino_v4_b
D:2:      minmay_evil_eye, layout_loops_ring, lemuel_round_altar, minivault_4
D:3:      layout_basic
D:4:      layout_cave_pools, overflow_temple_1_default, grunt_dithmenos_smoke,
          serial_shops, nicolae_shop_trees, trog_wizard
D:5:      layout_basic, first_ration, minmay_misc_feat_alley, uniq_edmund

Skill      XL: |  1  2  3  4  5  6 |
---------------+-------------------+-----
Staves         | 3 |  3.2
Unarmed Combat | 1 2 4 5 6 |  6.6
Fighting       | |  2.0
Throwing       | |  1.7
Dodging        | |  2.6

Action                   |  1- 3 |  4- 6 |  7- 9 || total
-------------------------+-------+-------+-------++-------
Melee: Quarterstaff      |     7 |       |       ||     7
       Unarmed           |   179 |   220 |       ||   399
       Punch             |       |     3 |       ||     3
Throw: Throwing net      |     4 |     3 |       ||     7
       Dart              |       |     1 |       ||     1
Evoke: Wand              |       |     3 |       ||     3
  Use: Scroll            |       |     9 |       ||     9
       Potion            |       |     4 |       ||     4
 Stab: Held in net/web   |     5 |       |       ||     5
  Eat: Chunk             |     2 |     6 |       ||     8
       Ration            |       |     1 |       ||     1
Armor: Leather armour    |     3 |       |       ||     3
       Chain mail        |    95 |   152 |       ||   247
Dodge: Dodged            |    67 |    74 |       ||   141

Table legend:
 A = Non-vault XP
 B = Vault XP
 C = Vault XP percentage of total XP
 D = Non-vault monster count
 E = Vault monster count
 F = Vault count percentage of total count
                 A         B        C        D         E       F
            +---------+---------+-------+---------+---------+-------
      Total |     629 |     190 |  23.2 |      77 |       5 |   6.1
            +---------+---------+-------+---------+---------+-------
        D:1 |      29 |       3 |   9.4 |      15 |       2 |  11.8
        D:2 |      98 |      14 |  12.5 |      29 |       2 |   6.5
        D:3 |     124 |       0 |   0.0 |      10 |       0 |   0.0
        D:4 |     258 |       0 |   0.0 |      18 |       0 |   0.0
        D:5 |     120 |     173 |  59.0 |       5 |       1 |  16.7
            +---------+---------+-------+---------+---------+-------
